% Time on Ice - SALEM BLACK JAYS
Lines # - Real PCT - Wanted PCT - Time Play
Normal Forward
1 - 30% - 33% - 13:05
2 - 29% - 32% - 13:00
3 - 25% - 25% - 11:02
4 - 16% - 10% - 7:07
Normal Defense
1 - 34% - 36% - 15:11
2 - 37% - 31% - 16:17
3 - 24% - 23% - 10:43
4 - 5% - 10% - 2:03
PP Forward
1 - 48% - 55% - 4:31
2 - 52% - 45% - 4:49
PP Defense
1 - 46% - 55% - 4:20
2 - 54% - 45% - 5:00
PK Forward
1 - 62% - 55% - 3:41
2 - 38% - 45% - 2:16
PK Defense
1 - 56% - 55% - 3:19
2 - 44% - 45% - 2:38
PK3 Forward
1 - 0% - 55%
2 - 0% - 45%
PK3 Defense
1 - 0% - 55%
2 - 0% - 45%
44 Forward
1 - 0% - 55%
2 - 0% - 45%
44 Defense
1 - 0% - 55%
2 - 0% - 45%
Last Minute Offensive  - 0:00
Last Minute Defensive  - 0:29
Total
Forward - 60:00
Defense - 60:00
% Time on Ice - KELOWNA ROCKETS
Lines # - Real PCT - Wanted PCT - Time Play
Normal Forward
1 - 33% - 36% - 14:36
2 - 31% - 36% - 13:47
3 - 26% - 28% - 11:48
4 - 10% - 0% - 4:26
Normal Defense
1 - 34% - 37% - 15:16
2 - 32% - 35% - 14:05
3 - 33% - 28% - 14:31
4 - 2% - 0% - 0:45
PP Forward
1 - 55% - 55% - 3:16
2 - 45% - 45% - 2:41
PP Defense
1 - 51% - 65% - 3:02
2 - 49% - 35% - 2:55
PK Forward
1 - 94% - 65% - 8:44
2 - 6% - 35% - 0:36
PK Defense
1 - 48% - 55% - 4:27
2 - 52% - 45% - 4:53
PK3 Forward
1 - 0% - 60%
2 - 0% - 40%
PK3 Defense
1 - 0% - 55%
2 - 0% - 45%
44 Forward
1 - 0% - 55%
2 - 0% - 45%
44 Defense
1 - 0% - 55%
2 - 0% - 45%
Last Minute Offensive  - 0:06
Last Minute Defensive  - 0:00
Total
Forward - 60:00
Defense - 60:00
Play-by-Play 1st period 0:01 of 1st period - Mathew Barzal wins face-off versus Auston Matthews in neutral zone. 1:28 of 1st period - Shot by Alexander Ovechkin. 1:28 of 1st period - Shot Misses the Net. 1:30 of 1st period - Shot by Anthony Cirelli. 1:30 of 1st period - Goal by Anthony Cirelli - SALEM BLACK JAYS : 0 - KELOWNA ROCKETS : 1. 1:31 of 1st period - Theodor Blueger wins face-off versus J.T. Compher in neutral zone. 1:46 of 1st period - Minor Penalty to Brian Boyle for Holding. 1:47 of 1st period - Anthony Cirelli wins face-off versus Martin Necas in SALEM BLACK JAYS zone. 2:23 of 1st period - Icing by Anthony Cirelli. 2:24 of 1st period - Anthony Cirelli wins face-off versus Theodor Blueger in KELOWNA ROCKETS zone. 2:30 of 1st period - Adam Fox is hit by Cody Ceci and loses puck. 2:33 of 1st period - Shot by Adam Fox. 2:33 of 1st period - Shot Blocked by Cody Ceci. 3:38 of 1st period - Icing by Auston Matthews. 3:39 of 1st period - Theodor Blueger wins face-off versus Auston Matthews in KELOWNA ROCKETS zone. 3:48 of 1st period - Shot by Tyler Bertuzzi. 3:48 of 1st period - Stopped by Juuse Saros without a rebound. 3:49 of 1st period - Theodor Blueger wins face-off versus Anthony Cirelli in SALEM BLACK JAYS zone. 3:49 of 1st period - Theodor Blueger is hit by Valeri Nichushkin. 3:54 of 1st period - Troy Terry is hit by Alexander Ovechkin and loses puck. 4:04 of 1st period - Anthony Cirelli is hit by Michael Del Zotto and loses puck. 4:11 of 1st period - Brian Boyle is hit by Alexander Ovechkin and loses puck. 4:38 of 1st period - Cody Ceci is hit by Alexander Ovechkin. 4:41 of 1st period - Dylan Cozens is hit by Jonathon Merrill and loses puck. 5:00 of 1st period - Dylan Cozens is hit by Jonathon Merrill. 5:10 of 1st period - Shot by Dylan Cozens. 5:10 of 1st period - Deflect By Filip Chytil. 5:10 of 1st period - Stopped by Sergei Bobrovsky with a rebound. 5:12 of 1st period - Shot by Dylan Cozens. 5:12 of 1st period - Stopped by Sergei Bobrovsky without a rebound. 5:13 of 1st period - Dylan Larkin wins face-off versus J.T. Compher in KELOWNA ROCKETS zone. 5:28 of 1st period - Shot by Evgeny Dadonov. 5:28 of 1st period - Shot Misses the Net. 5:30 of 1st period - Shot by Evgeny Dadonov. 5:30 of 1st period - Stopped by Sergei Bobrovsky without a rebound. 5:31 of 1st period - Auston Matthews wins face-off versus Mathew Barzal in KELOWNA ROCKETS zone. 5:31 of 1st period - Auston Matthews is hit by Mikko Rantanen. 5:39 of 1st period - Mikko Rantanen is hit by Auston Matthews and loses puck. 5:43 of 1st period - Michael Del Zotto is hit by Vladimir Tarasenko and loses puck. 5:56 of 1st period - Shot by Mitchell Marner. 5:56 of 1st period - Shot Misses the Net. 5:58 of 1st period - Shot by Mitchell Marner. 5:58 of 1st period - Stopped by Sergei Bobrovsky without a rebound. 5:59 of 1st period - Dylan Larkin wins face-off versus J.T. Compher in KELOWNA ROCKETS zone. 6:29 of 1st period - Off-side. 6:30 of 1st period - Auston Matthews wins face-off versus Mathew Barzal in neutral zone. 6:38 of 1st period - Shot by Mitchell Marner. 6:38 of 1st period - Goal by Mitchell Marner - SALEM BLACK JAYS : 1 - KELOWNA ROCKETS : 1. 6:39 of 1st period - Theodor Blueger wins face-off versus Auston Matthews in neutral zone. 6:44 of 1st period - Icing by Adam Fox. 6:45 of 1st period - Auston Matthews wins face-off versus Dylan Larkin in KELOWNA ROCKETS zone. 7:30 of 1st period - Shot by Martin Necas. 7:30 of 1st period - Goal by Martin Necas - SALEM BLACK JAYS : 2 - KELOWNA ROCKETS : 1. 7:31 of 1st period - Mathew Barzal wins face-off versus J.T. Compher in neutral zone. 7:36 of 1st period - Shot by Mitchell Marner. 7:36 of 1st period - Shot Hit the Post. 7:43 of 1st period - Off-side. 7:44 of 1st period - Brian Boyle wins face-off versus Anthony Cirelli in neutral zone. 8:01 of 1st period - Shot by Brian Boyle. 8:01 of 1st period - Goal by Brian Boyle - SALEM BLACK JAYS : 3 - KELOWNA ROCKETS : 1. 8:02 of 1st period - J.T. Compher wins face-off versus Mathew Barzal in neutral zone. 8:17 of 1st period - Shot by J.T. Compher. 8:17 of 1st period - Shot Misses the Net. 8:19 of 1st period - Shot by Duncan Keith. 8:19 of 1st period - Stopped by Juuse Saros without a rebound. 8:20 of 1st period - Anthony Cirelli wins face-off versus Theodor Blueger in SALEM BLACK JAYS zone. 8:36 of 1st period - Valeri Nichushkin is hit by Scott Mayfield and loses puck. 9:00 of 1st period - Shot by Valeri Nichushkin. 9:00 of 1st period - Shot Misses the Net. 9:23 of 1st period - Shot by J.T. Compher. 9:23 of 1st period - Shot Misses the Net. 9:25 of 1st period - Shot by Anthony DeAngelo. 9:25 of 1st period - Stopped by Juuse Saros without a rebound. 9:26 of 1st period - Auston Matthews wins face-off versus Mikko Rantanen in SALEM BLACK JAYS zone. 9:29 of 1st period - Shot by Pavel Buchnevich. 9:29 of 1st period - Shot Misses the Net. 9:31 of 1st period - Shot by Pavel Buchnevich. 9:31 of 1st period - Stopped by Juuse Saros without a rebound. 9:32 of 1st period - J.T. Compher wins face-off versus Mathew Barzal in SALEM BLACK JAYS zone. 11:05 of 1st period - Shot by Auston Matthews. 11:05 of 1st period - Shot Misses the Net. 11:46 of 1st period - Off-side. 11:47 of 1st period - Dylan Cozens wins face-off versus Cody Eakin in neutral zone. 12:24 of 1st period - Dylan Cozens is hit by Duncan Keith and loses puck. 12:55 of 1st period - Shot by Auston Matthews. 12:55 of 1st period - Shot Misses the Net. 13:10 of 1st period - Shot by Dylan Larkin. 13:10 of 1st period - Stopped by Sergei Bobrovsky without a rebound. 13:11 of 1st period - J.T. Compher wins face-off versus Theodor Blueger in KELOWNA ROCKETS zone. 13:30 of 1st period - Shot by Tyler Bertuzzi. 13:30 of 1st period - Stopped by Juuse Saros without a rebound. 13:31 of 1st period - Dylan Cozens wins face-off versus Anthony Cirelli in SALEM BLACK JAYS zone. 13:51 of 1st period - Minor Penalty to Cody Ceci for Roughing. 13:52 of 1st period - Auston Matthews wins face-off versus Brian Boyle in SALEM BLACK JAYS zone. 13:59 of 1st period - Shot by Alexander Ovechkin. 13:59 of 1st period - Stopped by Juuse Saros without a rebound. 14:00 of 1st period - Auston Matthews wins face-off versus Brian Boyle in SALEM BLACK JAYS zone. 14:19 of 1st period - Shot by Auston Matthews. 14:19 of 1st period - Stopped by Juuse Saros without a rebound. 14:20 of 1st period - Anthony Cirelli wins face-off versus Theodor Blueger in SALEM BLACK JAYS zone. 14:29 of 1st period - Shot by Anthony Cirelli. 14:29 of 1st period - Shot Misses the Net. 14:31 of 1st period - Shot by Anthony DeAngelo. 14:31 of 1st period - Stopped by Juuse Saros without a rebound. 14:32 of 1st period - Auston Matthews wins face-off versus Brian Boyle in SALEM BLACK JAYS zone. 14:35 of 1st period - Shot by Alexander Ovechkin. 14